 Dungeon Crawl Stone Soup version 0.31.0-9-g3a7656b989 (webtiles) character file.

Game seed: 1061976743325755685

85 Heoruswealwe the Conjurer (level 4, 0/24 HPs)
             Began as a Deep Elf Conjurer on Feb 2, 2024.
             Incinerated by a bombardier beetle (6 damage)
             ... with a burning spray
             ... on level 3 of the Dungeon.
             The game lasted 00:16:15 (2084 turns).

Heoruswealwe the Conjurer (Deep Elf Conjurer)       Turns: 2084, Time: 00:16:16

Health: 0/24       AC:  3    Str:  4    XL:     4   Next: 25%
Magic:  5/12       EV: 12    Int: 25    God:
Gold:   93         SH:  0    Dex: 13    Spells: 6/12 levels left

rFire   . . .        (no weapon)
rCold   . . .        (no shield)
rNeg    . . .        c - +0 robe
rPois   .            g - +0 helmet
rElec   .            (no cloak)
rCorr   .            (no gloves)
SInv    .            (no boots)
Will    +....        (no amulet)
Stlth   +            k - ring of willpower
HPRegen 0.24/turn    (no ring)
MPRegen 0.13/turn

%: no passive effects
@: on fire, glowing
A: no striking features
a: no special abilities


You were on level 3 of the Dungeon.
You visited 1 branch of the dungeon, and saw 3 of its levels.

You collected 93 gold pieces.

Inventory:

Armour
 c - a +0 robe (worn)
 g - a +0 helmet (worn)
 l - a +0 robe
Jewellery
 k - a ring of willpower (left hand)
Scrolls
 a - 2 scrolls of identify {unknown}
 e - a scroll of fog {unknown}
 h - a scroll of amnesia {unknown}
 j - 2 scrolls of enchant armour {unknown}
 m - a scroll of brand weapon {unknown}
 n - a scroll of noise {unknown}
 o - a scroll of fear {unknown}
Potions
 b - 2 potions of magic
 d - a potion of curing
 f - 2 potions of heal wounds {unknown}
 i - 2 potions of enlightenment {unknown}


   Skills:
 - Level 2.4 Dodging
 - Level 2.4 Stealth
 + Level 4.8 Spellcasting
 + Level 5.4 Conjurations


You had 6 spell levels left.
You knew the following spells:

 Your Spells              Type           Power      Damage    Failure   Level
a - Magic Dart            Conj           100%       1d8       1%          1
b - Searing Ray           Conj           66%        2d6       1%          2
z - Passwall              Erth           6%         N/A       26%         3

Your spell library contained the following spells:

 Spells                   Type           Power      Damage    Failure   Level
 Cigotuvi's Dreadful Rot  Necr/Alch/Air  12%        N/A       13%         2
 Ensorcelled Hibernation  Hex/Ice        12%        N/A       13%         2
 Swiftness                Air            6%         N/A       26%         3
 Fulminant Prism          Conj/Alch      9%         3d7       26%         4
 Iskenderun's Mystic Bla  Conj/Tloc      19%        2d6       26%         4
 Ignite Poison            Fire/Alch      6%         N/A       63%         4
 Freezing Cloud           Conj/Ice/Air   7%         6-21      73%         5


Dungeon Overview and Level Annotations

Branches:
Dungeon (3/15)

Altars:


Message History

You kill the frilled lizard!
Welcome back, Heoruswealwe the Deep Elf Conjurer.
Press ? for a list of commands and other information.
Found a stone staircase leading up.
You open the door.
Found 5 gold pieces.
There is an open door here.
You now have 93 gold pieces (gained 5).
There is an open door here.
A bombardier beetle comes into view.
Cast which spell? (? or * to list)
Okay, then.
Found 16 gold pieces.
Cast which spell? (? or * to list)
Aiming: Searing Ray (safe; 1% risk of failure)
Press: ? - help, Shift-Dir - straight line, f - bombardier beetle
Aim: a bombardier beetle (87% to hit)
The searing ray hits the bombardier beetle.
The bombardier beetle is lightly wounded. (Press . to maintain the ray.)
The bombardier beetle sprays incendiary fluid at you.
The burning spray hits you.
You are covered in liquid fire!
The searing ray hits the bombardier beetle.
The bombardier beetle is heavily wounded.
The liquid fire burns you!
The searing ray hits the bombardier beetle!
You kill the bombardier beetle!
The liquid fire burns you!
You have reached level 4!
You feel clever.
You finish channelling your searing ray.
The liquid fire burns you! The liquid fire burns you!
* * * LOW HITPOINT WARNING * * *
It was a potion of curing.
You feel better. The liquid fire burns you!
* * * LOW HITPOINT WARNING * * *
The liquid fire burns you!
You die...

. #..# #......# ..#..#
#......# ..#..###......#
.....<###.##'## .....##
#....#######
#....####.#......... #
.........<..########.###
###.#######.............
... ######@....... ....
#...♣.... #### #........
#........ #†.♣♣♣... ....
.. .... . $####


There were no monsters in sight!

Vanquished Creatures
  A bombardier beetle (D:3)
  An adder (D:2)
  A ribbon worm (D:2)
  A ball python (D:2)
  7 endoplasms
  3 giant cockroaches
  3 goblins
  4 hobgoblins
  2 quokkas (D:1)
  3 bats
  4 frilled lizards
  4 kobolds
  3 rats
37 creatures vanquished.

Notes
Turn   | Place    | Note
-------+----------+-------------------------------------------
     0 | D:1      | Heoruswealwe the Deep Elf Conjurer began the quest for the
                  | Orb.
     0 | D:1      | Reached XP level 1. HP: 10/10 MP: 6/6
   386 | D:1      | Reached XP level 2. HP: 15/15 MP: 5/8
   390 | D:1      | Learned a level 2 spell: Searing Ray
  1483 | D:2      | Reached skill level 5 in Conjurations
  1483 | D:2      | Reached XP level 3. HP: 18/19 MP: 8/10
  1756 | D:1      | You fall into a shaft and drop 1 floor!
  2049 | D:2      | Learned a level 3 spell: Passwall
  2081 | D:3      | Reached XP level 4. HP: 12/24 MP: 6/12
  2084 | D:3      | Incinerated by a bombardier beetle

Illustrated notes

Levels and vault maps discovered:
D:1:      minmay_arrival_hallway, layout_basic
D:2:      layout_basic, roderic_lattice_a, solitary_fountain, moated_statue
D:3:      layout_basic, chequers_garden

Skill      XL: |  1  2 |
---------------+-------+-----
Spellcasting   | 4 |  4.8
Conjurations   | 5 |  5.4
Dodging        | |  2.4
Stealth        | |  2.4

Action                     |  1- 3 |  4- 6 || total
---------------------------+-------+-------++-------
   Cast: Magic Dart        |    65 |       ||    65
         Searing Ray       |     3 |       ||     3
    Use: Potion            |       |     1 ||     1
 Armour: Robe              |     3 |       ||     3
  Dodge: Dodged            |     5 |       ||     5
